[Event "2nd Namma Bengaluru Open-A 2025"]
[Site "Bengaluru"]
[Date "2025.04.10"]
[Round "1.13"]
[White "Sailesh R"]
[Black "Sanikidze, Tornike"]
[Result "0-1"]
[Annotator "RC"]
[ECO "B89"]
[WhiteElo "2025"]
[BlackElo "2448"]
[PlyCount "76"]
[EventDate "2025.04.10"]
[EventType "swiss"]
[EventCountry "IND"]
[SourceTitle "playchess.com"]
[Source "ChessBase"]
[SourceQuality "1"]
[TimeControl "5400+30"]

1. e4 c5 2. Nf3 d6 3. d4 cxd4 4. Nxd4 Nf6 5. Nc3 Nc6 6. Bc4 e6 7. Be3 a6 8. Qe2 Qc7 9. Bb3 Na5 10. O-O-O b5 11. f3 Nxb3+ 12. axb3 Bb7 13. g4 Nd7 14. Kb1 g6 15. Qd2 h5 16. h3 b4 17. Na4 e5 18. Ne2 a5 19. Ng3 h4 20. Nf1 f5 21. gxf5 gxf5 22. Bg5 f4 23. Qg2 Nc5 24. Bf6 Rh6 25. Nxc5 Rxf6 26. Nxb7 Qxb7 27. Nd2 a4 28. Nc4 Qa6 29. Rd5 axb3 30. cxb3 Qa2+ 31. Kc2 Rc8 32. Qd2 Rg6 33. Rd1 Rxc4+ 34. bxc4 b3+ 35. Kd3 Qa7 36. Rf1 Rg2 37. Qe1 Rxb2 38. Rh1 Rb1 0-1

[Event "2nd Namma Bengaluru Open-A 2025"]
[Site "Bengaluru"]
[Date "2025.04.10"]
[Round "1.14"]
[White "Nitish Belurkar"]
[Black "Ayushh Ravikumar"]
[Result "1-0"]
[Annotator "RC"]
[ECO "C48"]
[WhiteElo "2441"]
[BlackElo "2023"]
[PlyCount "77"]
[EventDate "2025.04.10"]
[EventType "swiss"]
[EventCountry "IND"]
[SourceTitle "playchess.com"]
[Source "ChessBase"]
[SourceQuality "1"]
[TimeControl "5400+30"]

1. e4 e5 2. Nf3 Nf6 3. Nc3 Nc6 4. Bb5 Nd4 5. O-O Nxb5 6. Nxb5 d6 7. d4 exd4 8. Nfxd4 Be7 9. Qf3 O-O 10. c4 Nd7 11. Be3 Bf6 12. Rad1 Re8 13. Nc3 Ne5 14. Qe2 Bd7 15. f3 Nc6 16. Qf2 Nxd4 17. Bxd4 Bc6 18. Rfe1 Bxd4 19. Rxd4 Qg5 20. b4 b6 21. Qc2 f5 22. b5 Bb7 23. Nd5 fxe4 24. Rdxe4 Rxe4 25. Qxe4 Bxd5 26. cxd5 Qe5 27. Qxe5 dxe5 28. Rc1 Rd8 29. Rxc7 Rxd5 30. a4 Rd4 31. Rxa7 h6 32. Kf2 e4 33. f4 Rd2+ 34. Ke3 Rxg2 35. a5 bxa5 36. b6 Rb2 37. b7 Kh7 38. f5 h5 39. f6 1-0

[Event "2nd Namma Bengaluru Open-A 2025"]
[Site "Bengaluru"]
[Date "2025.04.10"]
[Round "1.15"]
[White "Vijaya, Bhaskar B."]
[Black "Vaz, Ethan"]
[Result "0-1"]
[Annotator "RC"]
[ECO "B92"]
[WhiteElo "2022"]
[BlackElo "2430"]
[PlyCount "50"]
[EventDate "2025.04.10"]
[EventType "swiss"]
[EventCountry "IND"]
[SourceTitle "playchess.com"]
[Source "ChessBase"]
[SourceQuality "1"]
[TimeControl "5400+30"]

1. e4 c5 2. Nf3 d6 3. d4 cxd4 4. Nxd4 Nf6 5. Nc3 a6 6. Be2 e5 7. Nb3 Be7 8. Be3 Be6 9. g4 h6 10. Rg1 Nbd7 11. f3 Nb6 12. Qd2 d5 13. exd5 Nfxd5 14. Nxd5 Nxd5 15. Bf2 Rc8 16. Rd1 O-O 17. Bd3 Bb4 18. c3 Nxc3 19. Bh7+ Kxh7 20. Qxd8 Nxd1+ 21. Qd2 Bxd2+ 22. Kxd1 Bf4 23. h4 Rfd8+ 24. Ke2 Bc4+ 25. Ke1 Bxb3 0-1

[Event "2nd Namma Bengaluru Open-A 2025"]
[Site "Bengaluru"]
[Date "2025.04.10"]
[Round "1.16"]
[White "Mehar, Chinna Reddy C.H."]
[Black "Salunke Siddhant"]
[Result "1-0"]
[Annotator "RC"]
[ECO "B30"]
[WhiteElo "2418"]
[BlackElo "2020"]
[PlyCount "79"]
[EventDate "2025.04.10"]
[EventType "swiss"]
[EventCountry "IND"]
[SourceTitle "playchess.com"]
[Source "ChessBase"]
[SourceQuality "1"]
[TimeControl "5400+30"]

1. e4 c5 2. Nf3 e6 3. b3 Nc6 4. Bb5 a6 5. Bxc6 bxc6 6. Qe2 d5 7. e5 Ne7 8. d3 Nf5 9. Bg5 Be7 10. Bxe7 Qxe7 11. c4 h5 12. h4 Qc7 13. O-O Bd7 14. Rc1 Rc8 15. Nc3 O-O 16. Na4 Qa7 17. Qb2 f6 18. Qa3 fxe5 19. Qxc5 Qb8 20. Re1 Be8 21. Qb6 Qd6 22. Qxa6 Bg6 23. Qb6 Qe7 24. Rxe5 Nxh4 25. Nxh4 Qxh4 26. Qe3 Bf5 27. Nc5 Rf6 28. a4 Bg4 29. Qg3 Qxg3 30. fxg3 Rf7 31. a5 Ra7 32. a6 Kf7 33. b4 Kf6 34. Ree1 dxc4 35. dxc4 Rb8 36. Rab1 Bf5 37. Rb2 Rc8 38. b5 cxb5 39. cxb5 Rxc5 40. b6 1-0

[Event "2nd Namma Bengaluru Open-A 2025"]
[Site "Bengaluru"]
[Date "2025.04.10"]
[Round "1.17"]
[White "Syed Abdul Khader"]
[Black "Kaustuv, Kundu"]
[Result "0-1"]
[Annotator "RC"]
[ECO "A49"]
[WhiteElo "2019"]
[BlackElo "2407"]
[PlyCount "76"]
[EventDate "2025.04.10"]
[EventType "swiss"]
[EventCountry "IND"]
[SourceTitle "playchess.com"]
[Source "ChessBase"]
[SourceQuality "1"]
[TimeControl "5400+30"]

1. Nf3 Nf6 2. g3 g6 3. b3 Bg7 4. Bb2 d6 5. d4 Bf5 6. Bg2 Qc8 7. Nbd2 Bh3 8. Bxh3 Qxh3 9. e4 O-O 10. Qe2 a5 11. Ng5 Qc8 12. e5 a4 13. c4 dxe5 14. dxe5 Nfd7 15. O-O h6 16. Ngf3 Nc6 17. Rfd1 Nc5 18. Qe3 Ne6 19. Ne4 Rd8 20. Bc3 axb3 21. axb3 Rxa1 22. Rxa1 Qd7 23. b4 b6 24. Kg2 Kh7 25. h4 Ncd4 26. Bxd4 Nxd4 27. Qf4 Nxf3 28. Qxf3 Qf5 29. Qe3 Qxe5 30. Re1 Kg8 31. Re2 f5 32. Nc3 Qxc3 33. Qxe7 Qf6 34. Qxc7 f4 35. gxf4 Bf8 36. Re3 Rd4 37. Qe5 Qxe5 38. Rxe5 Bxb4 0-1

[Event "2nd Namma Bengaluru Open-A 2025"]
[Site "Bengaluru"]
[Date "2025.04.10"]
[Round "1.18"]
[White "Audi Ameya"]
[Black "Nithik Reddy Bhavanam"]
[Result "1/2-1/2"]
[Annotator "RC"]
[ECO "C54"]
[WhiteElo "2404"]
[BlackElo "2018"]
[PlyCount "62"]
[EventDate "2025.04.10"]
[EventType "swiss"]
[EventCountry "IND"]
[SourceTitle "playchess.com"]
[Source "ChessBase"]
[SourceQuality "1"]
[TimeControl "5400+30"]

1. e4 e5 2. Nf3 Nc6 3. Bc4 Nf6 4. d3 Bc5 5. O-O d6 6. c3 a5 7. Re1 Ba7 8. Nbd2 O-O 9. h3 Be6 10. Bb5 Ne7 11. d4 Ng6 12. Bd3 c6 13. Bc2 h6 14. Nf1 Qc7 15. Ng3 Rad8 16. Be3 b5 17. Qc1 Kh7 18. Nf5 Ng8 19. g4 f6 20. h4 Nh8 21. Kg2 Nf7 22. g5 Qd7 23. Rh1 d5 24. Ng3 dxe4 25. Nxe4 f5 26. Ng3 e4 27. Ng1 Ne7 28. N1e2 Nd5 29. Nf4 Nxf4+ 30. Bxf4 Nh8 31. gxh6 g6 1/2-1/2

[Event "2nd Namma Bengaluru Open-A 2025"]
[Site "Bengaluru"]
[Date "2025.04.10"]
[Round "1.20"]
[White "Anuj Shrivatri"]
[Black "Bristy Mukherjee"]
[Result "1-0"]
[Annotator "RC"]
[ECO "A11"]
[WhiteElo "2400"]
[BlackElo "2015"]
[PlyCount "79"]
[EventDate "2025.04.10"]
[EventType "swiss"]
[EventCountry "IND"]
[SourceTitle "playchess.com"]
[Source "ChessBase"]
[SourceQuality "1"]
[TimeControl "5400+30"]

1. Nf3 d5 2. g3 Nf6 3. Bg2 Bf5 4. c4 c6 5. Qb3 Qb6 6. d3 e6 7. Be3 Qb4+ 8. Nbd2 dxc4 9. Qxc4 Nbd7 10. O-O a5 11. Qc2 Bc5 12. a3 Qb5 13. Nc4 O-O 14. Nd4 Bxd4 15. Bxd4 Bg6 16. Nd6 Qa6 17. b4 Nd5 18. Qb2 f6 19. Rfc1 Bf7 20. b5 cxb5 21. Nxb5 e5 22. Bxd5 Bxd5 23. Nc7 Qd6 24. Nxa8 Rxa8 25. Be3 h5 26. f3 f5 27. Qb5 Kh7 28. Qa4 Rf8 29. Qh4 g6 30. Rc3 f4 31. Bf2 Kh6 32. g4 b5 33. Rac1 b4 34. axb4 axb4 35. Rc7 Rb8 36. Bc5 Qxc7 37. Bf8+ Nxf8 38. Rxc7 Ne6 39. Qe7 hxg4 40. Qh4# 1-0

[Event "2nd Namma Bengaluru Open-A 2025"]
[Site "Bengaluru"]
[Date "2025.04.10"]
[Round "1.21"]
[White "Naga Sai Sarthak Karanam"]
[Black "Fedorov, Alexei"]
[Result "0-1"]
[Annotator "RC"]
[ECO "A53"]
[WhiteElo "2015"]
[BlackElo "2396"]
[PlyCount "80"]
[EventDate "2025.04.10"]
[EventType "swiss"]
[EventCountry "IND"]
[SourceTitle "playchess.com"]
[Source "ChessBase"]
[SourceQuality "1"]
[TimeControl "5400+30"]

1. d4 Nf6 2. c4 d6 3. Nc3 e5 4. dxe5 dxe5 5. Qxd8+ Kxd8 6. Nf3 Nc6 7. Bg5 Be6 8. e3 Kc8 9. Be2 Bb4 10. Nd2 Bxc3 11. bxc3 Nd7 12. e4 Nc5 13. O-O Na4 14. Rfc1 Na5 15. Rab1 b6 16. Be3 Rd8 17. c5 Nxc5 18. Bxc5 Rxd2 19. Ba6+ Kd7 20. Bb4 Bc4 21. Rd1 Rxd1+ 22. Rxd1+ Ke8 23. Bxa5 Bxa6 24. Bb4 Bc4 25. Rd2 c5 26. Ba3 Rd8 27. Bc1 Rxd2 28. Bxd2 Bxa2 29. Kf1 Bc4+ 30. Ke1 Kd7 31. g3 a5 32. Kd1 Bd3 33. f3 b5 34. Be3 Kc6 35. Kd2 Bc4 36. f4 b4 37. fxe5 a4 38. Kc2 a3 39. cxb4 cxb4 40. Bd4 b3+ 0-1

[Event "2nd Namma Bengaluru Open-A 2025"]
[Site "Bengaluru"]
[Date "2025.04.10"]
[Round "1.22"]
[White "Deepan Chakkravarthy J."]
[Black "Nigash G"]
[Result "1-0"]
[Annotator "RC"]
[ECO "A06"]
[WhiteElo "2394"]
[BlackElo "2015"]
[PlyCount "111"]
[EventDate "2025.04.10"]
[EventType "swiss"]
[EventCountry "IND"]
[SourceTitle "playchess.com"]
[Source "ChessBase"]
[SourceQuality "1"]
[TimeControl "5400+30"]

1. Nf3 d5 2. b3 c5 3. Bb2 f6 4. e4 dxe4 5. Nh4 Be6 6. Bb5+ Nd7 7. Qe2 Qb6 8. Qxe4 Qxb5 9. Qxe6 Qb6 10. Qe2 Nh6 11. Nc3 e5 12. f4 O-O-O 13. f5 Nb8 14. Qc4 a6 15. O-O-O Qc6 16. Ne4 Nd7 17. Qe2 Nb6 18. c4 Na8 19. g4 Nf7 20. Nf3 Nd6 21. d3 Nxe4 22. dxe4 Rxd1+ 23. Rxd1 Be7 24. h4 h6 25. Bc3 Nc7 26. Kb2 Rd8 27. Rxd8+ Bxd8 28. Qd3 Qd7 29. Kc2 Qxd3+ 30. Kxd3 Kd7 31. g5 hxg5 32. hxg5 Ne8 33. Nh2 Bc7 34. Ng4 Ke7 35. g6 Kd7 36. Be1 Ke7 37. Ne3 Kd6 38. Nd5 Bd8 39. b4 b6 40. a4 a5 41. bxa5 bxa5 42. Ne3 Kd7 43. Ng4 Kd6 44. Nh2 Kd7 45. Nf3 Kd6 46. Nd2 Kc6 47. Nb3 Nd6 48. Nxa5+ Bxa5 49. Bxa5 Nb7 50. Bc3 Kd6 51. a5 Nd8 52. a6 Nc6 53. Ba5 Kd7 54. Kc3 Kc8 55. Bb6 Nb4 56. a7 1-0

[Event "2nd Namma Bengaluru Open-A 2025"]
[Site "Bengaluru"]
[Date "2025.04.10"]
[Round "1.23"]
[White "Nandish V S"]
[Black "Hari Madhavan N B"]
[Result "1/2-1/2"]
[Annotator "RC"]
[ECO "D10"]
[WhiteElo "2014"]
[BlackElo "2393"]
[PlyCount "64"]
[EventDate "2025.04.10"]
[EventType "swiss"]
[EventCountry "IND"]
[SourceTitle "playchess.com"]
[Source "ChessBase"]
[SourceQuality "1"]
[TimeControl "5400+30"]

1. d4 d5 2. c4 c6 3. cxd5 cxd5 4. Bf4 Nc6 5. e3 Nf6 6. Nc3 a6 7. Bd3 Bg4 8. Nge2 e6 9. f3 Bh5 10. O-O Bg6 11. Kh1 Bd6 12. Bg5 Nb4 13. e4 Nxd3 14. Qxd3 Be7 15. Nf4 Nh5 16. Bxe7 Nxf4 17. Qd2 Qxe7 18. Qxf4 dxe4 19. fxe4 O-O 20. a3 Rfd8 21. Rad1 Rac8 22. e5 Rd7 23. Qe3 Qd8 24. Rd2 Rc4 25. Rf4 b5 26. h3 h6 27. Kh2 Kh8 28. Qf2 Qb8 29. Qe3 a5 30. b3 Rc8 31. a4 bxa4 32. Nxa4 Kh7 1/2-1/2

[Event "2nd Namma Bengaluru Open-A 2025"]
[Site "Bengaluru"]
[Date "2025.04.10"]
[Round "1.24"]
[White "Panda Sambit"]
[Black "Rachit H Gurnani"]
[Result "1-0"]
[Annotator "RC"]
[ECO "D38"]
[WhiteElo "2391"]
[BlackElo "2014"]
[PlyCount "59"]
[EventDate "2025.04.10"]
[EventType "swiss"]
[EventCountry "IND"]
[SourceTitle "playchess.com"]
[Source "ChessBase"]
[SourceQuality "1"]
[TimeControl "5400+30"]

1. d4 Nf6 2. c4 e6 3. Nf3 d5 4. Nc3 Bb4 5. cxd5 exd5 6. Bf4 Nc6 7. a3 Bxc3+ 8. bxc3 Ne4 9. Rc1 g5 10. Be3 f5 11. g3 O-O 12. Bg2 f4 13. gxf4 gxf4 14. Bd2 Be6 15. O-O Qf6 16. Ne1 Rae8 17. Nd3 Qh4 18. Kh1 Rf6 19. Bxf4 Rxf4 20. Nxf4 Qxf4 21. f3 Nd6 22. e4 Nc4 23. Rg1 Kh8 24. Qe2 Rf8 25. Rcd1 Ne3 26. Rde1 Nxg2 27. Rxg2 Qxf3 28. Qxf3 Rxf3 29. exd5 Bxd5 30. Re8+ 1-0

[Event "2nd Namma Bengaluru Open-A 2025"]
[Site "Bengaluru"]
[Date "2025.04.10"]
[Round "1.25"]
[White "Chinmay Kowshik"]
[Black "Sammed Jaykumar, Shete"]
[Result "0-1"]
[Annotator "RC"]
[ECO "A56"]
[WhiteElo "2011"]
[BlackElo "2391"]
[PlyCount "83"]
[EventDate "2025.04.10"]
[EventType "swiss"]
[EventCountry "IND"]
[SourceTitle "playchess.com"]
[Source "ChessBase"]
[SourceQuality "1"]
[TimeControl "5400+30"]

1. d4 Nf6 2. c4 c5 3. d5 e5 4. Nc3 d6 5. g3 Be7 6. Bg2 O-O 7. e4 Na6 8. Nf3 Nc7 9. Qc2 Rb8 10. a4 b6 11. Na2 a6 12. b4 cxb4 13. Nxb4 Bd7 14. O-O Qe8 15. Ne1 a5 16. Nbd3 Na6 17. f4 exf4 18. gxf4 Qc8 19. Be3 Re8 20. Bd4 Bh3 21. Bxh3 Qxh3 22. Rf3 Qc8 23. Nf2 Nc5 24. e5 Ng4 25. Rg3 Bh4 26. e6 Bxg3 27. Nxg4 fxe6 28. hxg3 e5 29. Nxe5 dxe5 30. Bxe5 Rb7 31. Nf3 Qh3 32. Qg2 Qf5 33. Qe2 Qg6 34. Kh2 Rf7 35. Nh4 Qd3 36. Qxd3 Nxd3 37. Nf3 Rc8 38. Ra3 Nc5 39. Nd4 g5 40. Nc6 h6 41. Bd6 Re8 42. Be5 0-1

[Event "2nd Namma Bengaluru Open-A 2025"]
[Site "Bengaluru"]
[Date "2025.04.10"]
[Round "1.26"]
[White "Sathvik Adiga"]
[Black "Pragnya H G"]
[Result "1-0"]
[Annotator "RC"]
[ECO "B80"]
[WhiteElo "2390"]
[BlackElo "2011"]
[PlyCount "79"]
[EventDate "2025.04.10"]
[EventType "swiss"]
[EventCountry "IND"]
[SourceTitle "playchess.com"]
[Source "ChessBase"]
[SourceQuality "1"]
[TimeControl "5400+30"]

1. e4 c5 2. Nf3 d6 3. d4 cxd4 4. Nxd4 Nf6 5. Nc3 a6 6. Be3 e6 7. a3 Be7 8. f3 h5 9. Bc4 Qc7 10. Bb3 Nc6 11. Nxc6 bxc6 12. Bf4 e5 13. Bg5 Be6 14. O-O O-O 15. Kh1 g6 16. Qe2 Nh7 17. Bh6 Rfd8 18. Rad1 Bxb3 19. cxb3 Ng5 20. f4 exf4 21. Rxf4 Ne6 22. Rf2 Bf8 23. Bxf8 Rxf8 24. Rdf1 Qb6 25. Rd1 Rad8 26. b4 Qa7 27. Qd2 Qe7 28. Qd3 Nc7 29. Qc4 d5 30. Qxc6 dxe4 31. Re1 Rd6 32. Qc4 e3 33. Rf3 Re6 34. Nd1 Rd8 35. h3 e2 36. Nc3 Nb5 37. Nd5 Qg5 38. Nf4 Rd4 39. Nxe6 Rxc4 40. Nxg5 1-0

[Event "2nd Namma Bengaluru Open-A 2025"]
[Site "Bengaluru"]
[Date "2025.04.10"]
[Round "1.27"]
[White "Dolas, Aarush"]
[Black "Harsh Suresh"]
[Result "0-1"]
[Annotator "RC"]
[ECO "B12"]
[WhiteElo "2009"]
[BlackElo "2389"]
[PlyCount "60"]
[EventDate "2025.04.10"]
[EventType "swiss"]
[EventCountry "IND"]
[SourceTitle "playchess.com"]
[Source "ChessBase"]
[SourceQuality "1"]
[TimeControl "5400+30"]

1. e4 c6 2. d4 d5 3. e5 c5 4. Be3 cxd4 5. Bxd4 Nc6 6. Nf3 Bg4 7. Be2 e6 8. O-O Nge7 9. h3 Bxf3 10. Bxf3 Qc7 11. Re1 Nf5 12. c3 Nfxd4 13. cxd4 Qb6 14. Nc3 Qxd4 15. Qc2 Bb4 16. Rad1 Qc5 17. Qb3 Nd4 18. Rxd4 Qxd4 19. Rd1 Qb6 20. Qa4+ Kf8 21. Rd3 Rc8 22. Bg4 Rc4 23. Qd1 Bxc3 24. bxc3 Qc7 25. Qb3 g6 26. Qa3+ Kg7 27. Qxa7 Rxc3 28. Rxc3 Qxc3 29. Qxb7 h5 30. Bf3 Qa1+ 0-1

[Event "2nd Namma Bengaluru Open-A 2025"]
[Site "Bengaluru"]
[Date "2025.04.10"]
[Round "1.28"]
[White "Ajay Karthikeyan"]
[Black "Om Nagnath Lamkane"]
[Result "1-0"]
[Annotator "RC"]
[ECO "B38"]
[WhiteElo "2387"]
[BlackElo "2009"]
[PlyCount "87"]
[EventDate "2025.04.10"]
[EventType "swiss"]
[EventCountry "IND"]
[SourceTitle "playchess.com"]
[Source "ChessBase"]
[SourceQuality "1"]
[TimeControl "5400+30"]

1. d4 Nf6 2. c4 g6 3. f3 Bg7 4. e4 d6 5. Nc3 O-O 6. Be3 c5 7. Nge2 cxd4 8. Nxd4 Nc6 9. Qd2 Bd7 10. Be2 Nxd4 11. Bxd4 Bc6 12. Rc1 Nd7 13. b4 Bxd4 14. Qxd4 Qb6 15. Qxb6 Nxb6 16. Kd2 Rfc8 17. Rc2 Bd7 18. Rhc1 Kf8 19. Nb1 Be6 20. a3 Rc7 21. Ke3 Rac8 22. Nd2 Nd7 23. f4 f6 24. Bd3 Bf7 25. g3 e5 26. Nf3 h6 27. h4 Ke7 28. Nd2 Nb6 29. g4 exf4+ 30. Kxf4 g5+ 31. hxg5 hxg5+ 32. Kg3 Nd7 33. Nf3 Ne5 34. Nxe5 fxe5 35. Be2 b6 36. a4 Rc6 37. Bd3 R8c7 38. c5 dxc5 39. Bb5 Rd6 40. bxc5 bxc5 41. Rxc5 Rxc5 42. Rxc5 Kf6 43. a5 a6 44. Be2 1-0

[Event "2nd Namma Bengaluru Open-A 2025"]
[Site "Bengaluru"]
[Date "2025.04.10"]
[Round "1.29"]
[White "Kavinda, Akila"]
[Black "Vignesh B"]
[Result "0-1"]
[Annotator "ChessBase"]
[ECO "E18"]
[WhiteElo "2008"]
[BlackElo "2191"]
[PlyCount "64"]
[EventDate "2025.04.10"]
[EventType "swiss"]
[EventCountry "IND"]
[SourceTitle "playchess.com"]
[Source "ChessBase"]
[SourceQuality "1"]
[TimeControl "5400+30"]

1. Nf3 e6 2. g3 d5 3. Bg2 Nf6 4. O-O b6 5. d4 Be7 6. c4 O-O 7. Nc3 Bb7 8. Ne5 Ne4 9. cxd5 Nxc3 10. bxc3 Bxd5 11. e4 Bb7 12. Qg4 Kh8 13. f4 Nd7 14. Qe2 a5 15. Rf2 c5 16. Nxd7 Qxd7 17. Be3 cxd4 18. Bxd4 b5 19. Rd1 Qe8 20. Qg4 Rg8 21. f5 exf5 22. Qxf5 f6 23. Rf4 Bc8 24. Qd5 Ra6 25. Bf1 Bd7 26. e5 fxe5 27. Qb7 Rh6 28. Rd3 Bg5 29. Rf2 Bf4 30. Rxf4 Bc6 31. Qc7 Qe6 32. Rf2 g5 0-1

[Event "2nd Namma Bengaluru Open-A 2025"]
[Site "Bengaluru"]
[Date "2025.04.10"]
[Round "1.30"]
[White "Viani Antonio Dcunha"]
[Black "Nishant Abhijeet Jawalkar"]
[Result "1-0"]
[Annotator "RC"]
[ECO "D52"]
[WhiteElo "2378"]
[BlackElo "2008"]
[PlyCount "102"]
[EventDate "2025.04.10"]
[EventType "swiss"]
[EventCountry "IND"]
[SourceTitle "playchess.com"]
[Source "ChessBase"]
[SourceQuality "1"]
[TimeControl "5400+30"]

1. d4 d5 2. c4 e6 3. Nc3 Nf6 4. Nf3 c6 5. Bg5 Nbd7 6. e3 Qa5 7. Nd2 dxc4 8. Bxf6 Nxf6 9. Nxc4 Qc7 10. Be2 Be7 11. O-O O-O 12. Rc1 Bd7 13. e4 b5 14. Nd2 b4 15. Na4 e5 16. Nc5 Rfd8 17. dxe5 Qxe5 18. Nd3 Qc7 19. Qc2 Rac8 20. e5 Nd5 21. Bf3 Be6 22. Ne4 a5 23. Nec5 Bxc5 24. Qxc5 Bf5 25. Rfd1 g6 26. g3 Bxd3 27. Rxd3 Qxe5 28. Qxa5 Re8 29. Rd2 h5 30. h4 Kg7 31. Qc5 Qf5 32. Kg2 Rcd8 33. Bxd5 Rxd5 34. Qxb4 Rb8 35. Qc3+ Kh7 36. Rdc2 Rdb5 37. b3 c5 38. Qf3 Qxf3+ 39. Kxf3 Ra8 40. Rxc5 Rxc5 41. Rxc5 Rxa2 42. Ke3 Kg7 43. Rc3 Kf6 44. f4 Kf5 45. Kd4 Ke6 46. Kc5 Kd7 47. b4 Ra8 48. b5 Kc7 49. Re3 Rf8 50. Re7+ Kb8 51. Kb6 f5 1-0